 Dungeon Crawl Stone Soup version 0.17.0-28-g6e173f8 (webtiles) character file.

56 septik the Twirler (level 3, -6/28 HPs)
             Began as a Demonspawn Gladiator on Nov 23, 2015.
             Mangled by a gnoll
             ... wielding a +0 flail
              (13 damage)
             ... on level 2 of the Dungeon.
             The game lasted 00:02:59 (1086 turns).

septik the Twirler (Demonspawn Gladiator)           Turns: 1086, Time: 00:03:00

Health: -6/28      AC:  6    Str: 15    XL:     3   Next: 69%
Magic:  3/3        EV: 12    Int:  9    God:
Gold:   71         SH:  0    Dex: 14    Spells: 0 memorised, 2 levels left

rFire  . . .     SeeInvis .     a - +0 quarterstaff
rCold  . . .     Clarity  .     b - +0 leather armour
rNeg   . . .     SustAt   .     (shield currently unavailable)
rPois  .         Gourm    .     c - +0 helmet
rElec  .         Spirit   .     (no cloak)
rCorr  .         Warding  .     p - +0 pair of gloves
rMut   .         Stasis   .     (no boots)
MR     .....                    (no amulet)
Stlth  +.........               (no ring)
                                (no ring)

@: not resistant to hostile enchantments, very unstealthy
A: hooves 1, molten scales 1
a: no special abilities


You were on level 2 of the Dungeon.
You were hungry.

You visited 1 branch of the dungeon, and saw 2 of its levels.

You collected 71 gold pieces.

Inventory:

Hand Weapons
 a - a +0 quarterstaff (weapon)
Missiles
 d - 3 throwing nets (quivered)
 o - 8 stones
Armour
 b - a +0 leather armour (worn)
 c - a +0 helmet (worn)
 p - a +0 pair of gloves (worn)
Scrolls
 f - 2 scrolls of fog {unknown}
 g - 2 scrolls of enchant armour {unknown}
 i - 2 scrolls of identify {unknown}
 l - a scroll of amnesia {unknown}
 m - a scroll of noise {unknown}
 n - a scroll of remove curse {unknown}
Potions
 h - a potion of magic {unknown}
 j - a potion of curing {unknown}
 k - a potion of lignification {unknown}
Comestibles
 e - a bread ration


   Skills:
 + Level 2.5 Fighting
 * Level 3.8 Staves
 - Level 1.7 Throwing
 + Level 2.9 Dodging


You had 2 spell levels left.
You didn't know any spells.

Dungeon Overview and Level Annotations

Branches:
Dungeon (2/15)

Altars:


Innate Abilities, Weirdness & Mutations

You have large cloven feet.
You are partially covered in molten scales (AC +1).


Message History

You barely miss the gnoll. The gnoll hits you with a flail.
You hit the gnoll but do no damage. Your kick misses the gnoll.
The gnoll barely misses you.
You hit the gnoll. You kick the gnoll, but do no damage.
The gnoll is moderately wounded.
The gnoll hits you with a flail.
You barely miss the gnoll. Your kick misses the gnoll.
The gnoll is moderately wounded.
The gnoll barely misses you.
You hit the gnoll but do no damage. Your kick misses the gnoll.
The gnoll is moderately wounded.
The gnoll hits you with a flail.
You closely miss the gnoll. Your kick misses the gnoll.
The gnoll is moderately wounded.
The gnoll hits you with a flail.
* * * LOW HITPOINT WARNING * * *
You barely miss the gnoll.
The gnoll is moderately wounded.
The gnoll hits you with a flail!
You die...

...# #.# #........#
.....##.#######.######.#
....................##.# ##
....##.#######.#....... .. .
##...## #.#......# #. #.....#
#.#.#.##.# .## ##...## #........#
..# ##.## ###.#....# #.# #@#
#.###..# #)# #g# #.....<. #.# #r#
#####.## #.# ... ####.## ##.#
..... ##.....# ##†.# .......
##..##(.#
#####.h.####.........####...##..#
...........'.........+..........#
#####...####.........####...#.#.#


You could see a gnoll and a rat.

Vanquished Creatures
  A gnoll (D:2)
  2 adders (D:2)
  5 bats (D:1)
  4 hobgoblins
  3 jackals (D:2)
  A quokka (D:2)
  A giant cockroach (D:1)
  2 giant geckos
  4 goblins (D:1)
  3 kobolds
  2 rats (D:1)
28 creatures vanquished.

Notes
Turn   | Place    | Note
--------------------------------------------------------------
     0 | D:1      | septik the Demonspawn Gladiator began the quest for the Orb.
     0 | D:1      | Reached XP level 1. HP: 16/16 MP: 1/1
    77 | D:1      | Reached skill level 3 in Staves
   119 | D:1      | Gained mutation: You are partially covered in molten scales (AC +1). [demonic ancestry]
   119 | D:1      | Reached XP level 2. HP: 22/22 MP: 2/2
   402 | D:2      | Gained mutation: You have large cloven feet. [demonic ancestry]
   402 | D:2      | Reached XP level 3. HP: 11/27 MP: 3/3
  1086 | D:2      | Mangled by a gnoll

Action                   || total
-------------------------++-------
Melee: Quarterstaff      ||   102
